 Dungeon Crawl Stone Soup version 0.30.1 (webtiles) character file.

Game seed: 2175343840998330767

2 shmup the Firebug (level 1, 0/10 HPs)
             Began as a Tengu Fire Elementalist on July 9, 2023.
             Slain by a jackal (1 damage)
             ... on level 1 of the Dungeon.
             The game lasted 00:00:30 (62 turns).

shmup the Firebug (Tengu Fire Elementalist)           Turns: 62, Time: 00:00:31

Health: 0/10       AC:  2    Str:  8    XL:     1   Next: 40%
Magic:  4/4        EV: 12    Int: 15    God:
Gold:   2          SH:  0    Dex: 14    Spells: 3/4 levels left

rFire   . . .        c - +0 quick blade
rCold   . . .        (no shield)
rNeg    . . .        a - +0 robe
rPois   .            (helmet restricted)
rElec   .            (no cloak)
rCorr   .            (no gloves)
SInv    .            (boots unavailable)
Will    .....        (no amulet)
Stlth   ++           (no ring)
HPRegen 0.21/turn    (no ring)
MPRegen 0.09/turn

%: no passive effects
@: no status effects
A: beak, talons 3
a: no special abilities


You were on level 1 of the Dungeon.
You visited 1 branch of the dungeon, and saw 1 of its levels.

You collected 2 gold pieces.

Inventory:

Hand Weapons
 c - a +0 quick blade (weapon)
Armour
 a - a +0 robe (worn)
Potions
 b - a potion of magic


   Skills:
 + Level 2.2 Dodging
 + Level 2.0 Stealth
 + Level 2.0 Spellcasting
 + Level 1.5 Conjurations
 + Level 3.3 Fire Magic


You had 3 spell levels left.
You knew the following spells:

 Your Spells              Type           Power      Damage    Failure   Level
a - Foxfire               Conj/Fire      32%        2x1d5     9%          1

Your spell library contained the following spells:

 Spells                   Type           Power      Damage    Failure   Level
 Scorch                   Fire           22%        2d5       9%          2
 Inner Flame              Hex/Fire       6%         N/A       32%         3
 Volatile Blastmotes      Fire/Tloc      12%        2d11      32%         3
 Flame Wave               Conj/Fire      8%         2d5       63%         4


Dungeon Overview and Level Annotations

Branches:
Dungeon (1/15)

Altars:


Innate Abilities, Weirdness & Mutations

You have a beak for a mouth.
You have claws for feet.


Message History

You hit the jackal. You claw the jackal.
You kill the jackal!
The jackal barely misses you.
You hit the jackal. You claw the jackal. Your peck misses the jackal.
The jackal is heavily wounded.
The jackal bites you.
You closely miss the jackal. The jackal misses you.
The jackal closely misses you.
You closely miss the jackal. You peck the jackal.
The jackal is severely wounded.
The jackal barely misses you.
A kobold comes into view. It is wielding a +0 dagger.
The jackal misses you.
You barely miss the jackal. Your peck misses the jackal.
The jackal is severely wounded.
The jackal bites you but does no damage.
You closely miss the jackal.
The jackal is severely wounded.
The jackal bites you.
A jackal comes into view.
The jackal bites you.
* * * LOW HITPOINT WARNING * * *
The jackal barely misses you. The jackal bites you.
* * * LOW HITPOINT WARNING * * *
The jackal attacks as you move away! The jackal completely misses you.
The jackal misses you. The jackal barely misses you.
The jackal attacks as you move away! The jackal misses you.
The jackal attacks as you move away! The jackal closely misses you.
The jackal barely misses you.
The jackal bites you but does no damage.
There is an open door here.
The jackal attacks as you move away! The jackal misses you.
The jackal attacks as you move away! The jackal closely misses you.
The jackal barely misses you. The jackal attacks as you move away!
The jackal bites you.
* * * LOW HITPOINT WARNING * * *
The jackal bites you.
* * * LOW HITPOINT WARNING * * *
The jackal bites you.
You die...

▒▒.......▒▒
▒▒....<....▒▒▒▒▒▒
.................▒▒
}....▒▒+▒▒....}...▒
.... ▒...▒........▒
... +8.8'........▒
▒▒▒▒▒▒▒▒▒'▒▒▒▒▒▒▒▒▒▒▒
▒.......%.▒
▒.......Q▒▒
▒......hh▒
▒▒........▒
........K.▒
..........▒
...▒+▒▒'▒▒▒ ..
▒.▒...▒ ▒+▒▒.....▒
▒......▒.+


You could see 2 jackals and a kobold.

Vanquished Creatures
  A bat (D:1)
  A jackal (D:1)
2 creatures vanquished.

Notes
Turn   | Place    | Note
-------+----------+-------------------------------------------
     0 | D:1      | shmup the Tengu Fire Elementalist began the quest for the
                  | Orb.
     0 | D:1      | Reached XP level 1. HP: 10/10 MP: 4/4
    62 | D:1      | Slain by a jackal

Illustrated notes

Levels and vault maps discovered:
D:1:      giann_wishing_wells, layout_basic, dk_noncrumbling_2,
          minmay_misc_feat_pillars

Action                     || total
---------------------------++-------
  Melee: Quick blade       ||     9
         Unarmed           ||     4
         Kick              ||     3
         Peck              ||     2
 Armour: Robe              ||     5
  Dodge: Dodged            ||    21
